 Dungeon Crawl Stone Soup version 0.23.2-40-g277498a001 (webtiles) character file.

Game seed: 18381990250285855418

64235 Curus the Warrior (level 14, -3/123 HPs)
             Began as a Demonspawn Gladiator on Oct 16, 2019.
             Was the Champion of Okawaru.
             Slain by Saint Roka
             ... wielding a cursed -3 broad axe
              (19 damage)
             ... on level 1 of the Orcish Mines.
             The game lasted 01:50:39 (18258 turns).

Curus the Warrior (Demonspawn Gladiator)           Turns: 18258, Time: 01:50:40

Health: -3/123     AC: 28    Str: 22    XL:     14   Next: 71%
Magic:  0/19       EV: 13    Int: 10    God:    Okawaru [******]
Gold:   2093       SH:  7    Dex: 19    Spells: 13/13 levels left

rFire    + + .     SeeInvis .     - Unarmed
rCold    + + .     Gourm    .   l - +0 buckler
rNeg     . . .     Faith    .   x - +2 gold dragon scales
rPois    +         Spirit   +   c - +0 helmet
rElec    .         Reflect  .   (no cloak)
rCorr    .         Harm     .   (no gloves)
MR       +....                  K - +1 pair of boots {Stlth+}
Stlth    ..........             i - amulet of regeneration
HPRegen  0.70/turn              z - ring "Miarauph" {rC+ Str+2}
MPRegen  0.16/turn              k - +5 ring of slaying

@: mighty, heroism, studying Ice Magic, drained, repel missiles
A: claws 2, repulsion field 3, fire resistance 1, augmentation 1, magic shield
a: Heroism, Finesse, Renounce Religion


You were on level 1 of the Orcish Mines.
You worshipped Okawaru.
Okawaru was exalted by your worship.
You were not hungry.

You visited 4 branches of the dungeon, and saw 21 of its levels.
You also visited: Ossuary, Bailey and Ice Cave.

You collected 2093 gold pieces.

Inventory:

Hand Weapons
 a - a +1 quarterstaff of draining
 N - a +1 dire flail of protection
Missiles
 d - 10 throwing nets (quivered)
Armour
 b - a +0 leather armour
 c - a +0 helmet (worn)
 l - a +0 buckler (worn)
 q - a +0 chain mail
 x - +2 gold dragon scales (worn)
 K - a +1 pair of boots of stealth (worn)
Jewellery
 g - an uncursed ring of protection from cold
 i - an amulet of regeneration (around neck)
 k - a +5 ring of slaying (right claw)
 o - a -3 ring of strength
 p - an uncursed ring of flight
 s - an uncursed ring of poison resistance
 z - the ring "Miarauph" (left claw) {rC+ Str+2}
   (You found it in an ice cave)

   [ring of strength]

   It affects your strength (+2).
   It protects you from cold.
 B - an uncursed ring of protection from fire
 J - an uncursed ring of ice
 M - a +3 ring of strength
 O - an uncursed amulet of guardian spirit
 S - an uncursed ring of stealth
 T - an uncursed amulet of magic regeneration
 U - a +3 ring of intelligence
 V - a -3 ring of slaying
Wands
 t - a wand of paralysis (19)
 C - a wand of iceblast (1)
 E - a wand of disintegration (2)
 F - a wand of random effects (29)
 Q - a wand of polymorph (7)
Scrolls
 j - 21 scrolls of identify
 n - 13 scrolls of teleportation
 r - 14 scrolls of remove curse
 v - 3 scrolls of enchant weapon
 y - a scroll of amnesia
 H - 4 scrolls of fear
 R - a scroll of blinking
 W - a scroll of fog
Potions
 e - 10 potions of curing
 h - 3 potions of flight
 m - 2 potions of cancellation
 u - 5 potions of brilliance
 w - a potion of haste
 L - 2 potions of magic
Books
 G - a manual of Ice Magic
Miscellaneous
 A - a box of beasts
 D - a sack of spiders
 I - a phial of floods (inert)
Comestibles
 f - 36 rations


   Skills:
 - Level 15.2(19.2) Fighting
 - Level 3.8(8.0) Staves
 - Level 1.7(6.0) Throwing
 - Level 14.0(18.0) Armour
 - Level 2.6(6.9) Dodging
 - Level 4.0(8.2) Shields
 + Level 10.2(14.3) Unarmed Combat
 - Level 7.9(7.2) Invocations
 - Level 3.7(3.0) Evocations


You had 13 spell levels left.
You didn't know any spells.
Your spell library contained the following spells:

 Spells                   Type           Power        Failure   Level  Hunger
 Magic Dart               Conj           #...         100%        1    ##.....
 Sandblast                Erth           #.....       100%        1    ##.....
 Sting                    Conj/Pois      #...         100%        1    ##.....
 Summon Small Mammal      Summ           #...         100%        1    ##.....
 Call Imp                 Summ           #.......     100%        2    ###....
 Passwall                 Tmut/Erth      #.......     100%        2    ###....
 Poisonous Vapours        Pois/Air       #.....       100%        2    ###....
 Searing Ray              Conj           #.....       100%        2    ###....
 Call Canine Familiar     Summ           #.......     100%        3    ####...
 Dazzling Spray           Conj/Hex       #.....       100%        3    ####...
 Mephitic Cloud           Conj/Pois/Air  #.......     100%        3    ####...
 Stone Arrow              Conj/Erth      #.....       100%        3    ####...
 Summon Guardian Golem    Hex/Summ       #.......     100%        3    ####...
 Cause Fear               Hex            #.........   100%        4    #####..
 Force Lance              Conj/Tloc      #.......     100%        4    #####..
 Fulminant Prism          Conj/Hex       #.........   100%        4    #####..
 Iskenderun's Mystic Bla  Conj           #.......     100%        4    #####..
 Olgreb's Toxic Radiance  Pois           #.......     100%        4    #####..
 Petrify                  Tmut/Erth      #.......     100%        4    #####..
 Summon Ice Beast         Ice/Summ       #.......     100%        4    #####..
 Summon Lightning Spire   Summ/Air       #.......     100%        4    #####..
 Lee's Rapid Deconstruct  Erth           #.........   100%        5    ######.
 Silence                  Hex/Air        #.........   100%        5    ######.
 Venom Bolt               Conj/Pois      #.........   100%        5    ######.
 Yara's Violent Unravell  Hex/Tmut       #.........   100%        5    ######.
 Deflect Missiles         Chrm/Air       #.........   100%        6    #######
 Discord                  Hex            #.........   100%        8    #######


Dungeon Overview and Level Annotations

Branches:
Dungeon (12/15)            Temple (1/1) D:5            Lair (6/6) D:9
 Shoals (0/4) Lair:3       Spider (0/4) Lair:4        Slime (0/5) Lair:6
    Orc (2/2) D:12            Elf (0/3) Orc:2

Altars:
Ashenzari
Cheibriados
Dithmenos
Elyvilon
Fedhas
Gozag
Hepliaklqana
Kikubaaqudgha
Makhleb
Nemelex Xobeh
Okawaru
Qazlal
Ru
Sif Muna
Trog
Uskayaw
Vehumet
Wu Jian
Xom
Yredelemnul
Zin
The Shining One
Beogh
Jiyva

Shops:
D:8 %   D:10 [[

Annotations:
D:7 1 runed translucent door, yackovtube's ghost, novice DrAr
Orc:1 Saint Roka


Innate Abilities, Weirdness & Mutations

You have very sharp fingernails.
You are surrounded by a strong repulsion field. (EV +4, RMsl)
Your flesh is heat resistant. (rF+)
Your magical and physical power is slightly enhanced at high health.
When hurt, damage is shared between your health and your magic reserves.


Message History

Saint Roka calls down the wrath of Beogh upon you.
Beogh smites you! The orc hits you but does no damage.
The orc barely misses you. The orc priest completely misses you.
You block the orc's attack.
The orc warrior hits you with a cursed -3 flail!
* * * LOW HITPOINT WARNING * * *
You barely miss Saint Roka.
Saint Roka is moderately wounded.
Saint Roka hits you with a cursed -3 broad axe!!
* * * LOW HITPOINT WARNING * * *
The orc hits you but does no damage. x2
Evoke which item? (* to show all) (? for menu, Esc to quit)
You reach into the bag... ...and things crawl out!
The orc evades a web.
The orc is caught in a web!
Saint Roka evades a web.
The orc priest is caught in a web!
The orc warrior evades a web.
The orc warrior misses you. The orc hits you but does no damage.
The orc closely misses you.
Saint Roka says, "I shall smite you and smash you."
Saint Roka hits you with a cursed -3 broad axe!!
You die...

##.##............#
#.........#......##
##.......###.#.....##
#.#.....###.........#
####.......#.......##
#.#............##
###...a........#
#######.[o).....##
##.##.##.o@oa....#
#........ooo....##
##.#.....#....###
####.#.#.....#
#######..## #.## ###


You could see Saint Roka, an orc warrior, an orc priest (webbed), 3 orcs and 2
friendly worker ants.

Vanquished Creatures
  6 hydras
  A catoblepas (Lair:6)
  19 death yaks
  A deep troll shaman (Lair:5)
  Urug (Lair:3)
  Sonja (Lair:2)
  4 ugly things
  A wolf spider (Lair:4)
  A manticore (Lair:3)
  9 elephants
  A gargoyle (D:10)
  3 black mambas
  11 spiny frogs
  3 ice statues (IceCv)
  4 rime drakes
  7 komodo dragons
  A kobold demonologist (D:12)
  2 trolls
  3 polar bears
  3 jumping spiders (Lair:4)
  11 hippogriffs
  10 dream sheep (Lair:6)
  24 blink frogs
  A spriggan (D:11)
  2 vampires
  A wraith (Ossuary)
  44 yaks
  3 wyverns (D:9)
  A human (D:11)
  A steam dragon (D:9)
  Grum (D:9)
  3 hungry ghosts
  3 wargs
  An acid dragon (D:11)
  8 porcupines
  9 water moccasins
  2 sky beasts
  13 ice beasts
  An eye of draining (D:8)
  14 orc warriors
  5 black bears
  26 wolves
  4 phantoms
  7 ogres
  8 centaurs
  15 crocodiles
  A big kobold (D:12)
  10 bullfrogs
  10 gnoll sergeants
  2 wyvern skeletons
  5 scorpions
  5 wights (D:9)
  2 howler monkeys
  3 electric eels
  8 crimson imps
  A centaur zombie (D:8)
  2 quasits
  2 bullfrog zombies
  6 gnoll shamans (Bailey)
  2 jellies
  8 orc priests
  9 orc wizards
  6 hounds
  3 bullfrog skeletons
  A centaur skeleton (D:5)
  6 iguanas
  11 worker ants
  A hound zombie (D:5)
  2 hound skeletons
  3 mummies (Ossuary)
  27 gnolls
  14 adders
  4 shadow imps
  3 oozes
  3 adder zombies
  An adder skeleton (D:4)
  2 worms
  13 leopard geckos
  57 orcs
  2 ball pythons
  6 giant cockroaches
  6 goblins
  14 hobgoblins
  7 jackals
  3 quokkas
  7 bats
  6 frilled lizards
  2 gnoll zombies (Ossuary)
  2 goblin zombies (Ossuary)
  2 hobgoblin zombies (Ossuary)
  A jackal skeleton (D:5)
  A jackal zombie (D:6)
  10 kobolds
  4 kobold zombies (Ossuary)
  A quokka skeleton (D:9)
  A quokka zombie (D:5)
  10 rats
618 creatures vanquished.

Vanquished Creatures (others)
  3 fungi (Lair:6)
  12 plants
15 creatures vanquished.

Grand Total: 633 creatures vanquished

Notes
Turn   | Place    | Note
-------+----------+-------------------------------------------
     0 | D:1      | Curus the Demonspawn Gladiator began the quest for the Orb.
     0 | D:1      | Reached XP level 1. HP: 16/16 MP: 1/1
    65 | D:1      | Gained mutation: Your flesh is heat resistant. (rF+)
                  | [demonic ancestry]
    65 | D:1      | Reached XP level 2. HP: 12/22 MP: 2/2
   454 | D:1      | Gained mutation: You have sharp fingernails. [demonic
                  | ancestry]
   454 | D:1      | Reached XP level 3. HP: 21/27 MP: 3/3
   631 | D:1      | Reached skill level 1 in Unarmed Combat
  1451 | D:3      | Reached XP level 4. HP: 33/33 MP: 4/4
  1570 | D:3      | Noticed a phantom
  1592 | D:3      | Killed a phantom
  1592 | D:3      | Reached XP level 5. HP: 31/38 MP: 5/5
  2022 | D:3      | Found a radiant altar of Vehumet.
  2023 | D:3      | Found a burning altar of Makhleb.
  2267 | D:4      | Reached XP level 6. HP: 38/44 MP: 6/6
  2359 | D:4      | Reached skill level 5 in Unarmed Combat
  2525 | D:4      | Found a sacrificial altar of Ru.
  2608 | D:4      | Found a glowing silver altar of Zin.
  2610 | D:4      | Noticed an angel
  2620 | D:4      | Found a shimmering altar of Xom.
  2746 | D:4      | Gained mutation: You are surrounded by a mild repulsion
                  | field. (EV +2) [demonic ancestry]
  2746 | D:4      | Reached XP level 7. HP: 43/50 MP: 7/7
  2974 | D:5      | Entered Level 5 of the Dungeon
  3214 | D:5      | Found an opulent altar of Gozag.
  3609 | D:5      | Found a staircase to the Ecumenical Temple.
  3632 | Temple   | Entered the Ecumenical Temple
  3667 | Temple   | Became a worshipper of Warmaster Okawaru
  3707 | D:5      | Gained mutation: You have very sharp fingernails. [demonic
                  | ancestry]
  3707 | D:5      | Reached XP level 8. HP: 56/56 MP: 8/8
  4138 | D:6      | Reached * piety under Okawaru
  4279 | D:6      | Reached skill level 10 in Unarmed Combat
  4396 | D:6      | Found a sand-covered staircase.
  4405 | Ossuary  | Entered an ossuary
  4529 | Ossuary  | Reached skill level 1 in Armour
  4699 | Ossuary  | Gained mutation: When hurt, damage is shared between your
                  | health and your magic reserves. [demonic ancestry]
  4699 | Ossuary  | Reached XP level 9. HP: 57/62 MP: 9/9
  4900 | D:6      | Reached skill level 3 in Fighting
  4969 | D:7      | Reached ** piety under Okawaru
  5100 | D:7      | Found a runed translucent door.
  5102 | D:7      | Noticed yackovtube's ghost (novice DrAr)
  5131 | D:7      | Reached skill level 4 in Fighting
  5441 | D:7      | Found a shattered altar of Ashenzari.
  5633 | D:8      | Found an ornate altar of the Wu Jian Council.
  5722 | D:8      | Found a hazy altar of Hepliaklqana.
  5781 | D:8      | Reached skill level 5 in Fighting
  5833 | D:8      | Found a sparkling altar of Nemelex Xobeh.
  5888 | D:8      | Found a flagged portal.
  5915 | Bailey   | Entered a bailey
  6023 | Bailey   | Reached *** piety under Okawaru
  6051 | Bailey   | Reached skill level 5 in Armour
  6085 | Bailey   | Reached skill level 6 in Fighting
  6224 | Bailey   | Reached XP level 10. HP: 52/77 MP: 4/10
  6344 | D:8      | Found a bloodstained altar of Trog.
  6354 | D:8      | Found a blossoming altar of Fedhas.
  6501 | D:8      | Found Kaitusm's Food Boutique.
  6837 | D:9      | Reached skill level 7 in Fighting
  6851 | D:9      | Reached **** piety under Okawaru
  6898 | D:9      | Noticed Grum
  6943 | D:9      | Killed Grum
  7003 | D:9      | Found a glowing golden altar of the Shining One.
  7127 | D:9      | Reached skill level 8 in Fighting
  7208 | D:9      | Reached ***** piety under Okawaru
  7210 | D:9      | HP: 4/123 [wyvern (8)]
  7304 | D:9      | Found a staircase to the Lair.
  7331 | Lair:1   | Entered Level 1 of the Lair of Beasts
  7364 | Lair:1   | Reached skill level 1 in Invocations
  7374 | Lair:1   | Reached skill level 1 in Shields
  7483 | Lair:1   | Found a frozen archway.
  7495 | Lair:1   | Received a gift from Okawaru
  7503 | IceCv    | Entered an ice cave
  7522 | IceCv    | Gained mutation: You are surrounded by a moderate repulsion
                  | field. (EV +3) [demonic ancestry]
  7522 | IceCv    | Reached XP level 11. HP: 87/87 MP: 12/14
  7542 | IceCv    | Noticed a white ugly thing
  7554 | IceCv    | Killed a white ugly thing
  7616 | IceCv    | Noticed a white ugly thing
  7659 | IceCv    | Received a gift from Okawaru
  7659 | IceCv    | Reached skill level 5 in Invocations
  7756 | IceCv    | Killed a cyan ugly thing
  7817 | IceCv    | Got a transparent marble ring
  7825 | IceCv    | Identified the ring "Miarauph" {rC+ Str+2} (You found it in
                  | an ice cave)
  7976 | Lair:1   | Reached skill level 1 in Evocations
  8099 | Lair:1   | Reached ****** piety under Okawaru
  8956 | Lair:1   | Reached skill level 9 in Fighting
  8959 | Lair:1   | Received a gift from Okawaru
  9196 | Lair:2   | Noticed Sonja
  9205 | Lair:2   | Killed Sonja
  9797 | Lair:3   | Noticed a five-headed hydra
  9807 | Lair:2   | Gained mutation: You are surrounded by a strong repulsion
                  | field. (EV +4, RMsl) [demonic ancestry]
  9807 | Lair:2   | Reached XP level 12. HP: 72/97 MP: 13/17
  9942 | Lair:3   | Reached skill level 10 in Fighting
  9990 | Lair:3   | Killed a five-headed hydra
 10047 | Lair:3   | Noticed Urug
 10068 | Lair:3   | Killed Urug
 10089 | Lair:3   | Received a gift from Okawaru
 10228 | Lair:3   | Found a stormy altar of Qazlal.
 10335 | Lair:3   | Reached skill level 11 in Fighting
 10358 | Lair:3   | Reached skill level 10 in Armour
 10687 | Lair:3   | Found a staircase to the Shoals.
 11042 | Lair:4   | Noticed a death yak
 11043 | Lair:4   | Noticed a death yak
 11043 | Lair:4   | Noticed a death yak
 11044 | Lair:4   | Noticed a death yak
 11045 | Lair:4   | Noticed a death yak
 11045 | Lair:4   | Noticed a death yak
 11050 | Lair:4   | Killed a death yak
 11060 | Lair:4   | Killed a death yak
 11067 | Lair:4   | Killed a death yak
 11072 | Lair:4   | Killed a death yak
 11079 | Lair:4   | Killed a death yak
 11079 | Lair:4   | Reached skill level 12 in Fighting
 11086 | Lair:4   | Killed a death yak
 11195 | Lair:4   | Reached XP level 13. HP: 38/108 MP: 6/18
 11208 | Lair:4   | Received a gift from Okawaru
 12081 | Lair:4   | Found a hole to the Spider Nest.
 12518 | Lair:5   | Reached skill level 13 in Fighting
 13211 | Lair:6   | Entered Level 6 of the Lair of Beasts
 13223 | Lair:6   | Received a gift from Okawaru
 13286 | Lair:5   | HP: 3/111 [crocodile (8)]
 13700 | Lair:6   | Found a viscous altar of Jiyva.
 13701 | Lair:6   | Found a staircase to the Slime Pits.
 13791 | Lair:6   | Received a gift from Okawaru
 13969 | Lair:6   | Reached skill level 14 in Fighting
 14000 | Lair:6   | Gained mutation: Your magical and physical power is
                  | slightly enhanced at high health. [demonic ancestry]
 14000 | Lair:6   | Reached XP level 14. HP: 77/120 MP: 12/19
 14113 | Lair:6   | Received a gift from Okawaru
 15224 | D:9      | Found a roughly hewn altar of Beogh.
 15547 | D:10     | Entered Level 10 of the Dungeon
 15645 | D:10     | Found Gaac's Antique Armour Emporium.
 15656 | D:10     | Found Ocerpheal's Armour Emporium.
 16054 | D:10     | Received a gift from Okawaru
 16739 | D:11     | Received a gift from Okawaru
 16745 | D:11     | Reached skill level 15 in Fighting
 17831 | D:12     | Found a staircase to the Orcish Mines.
 17835 | Orc:1    | Entered Level 1 of the Orcish Mines
 17928 | Orc:2    | Entered Level 2 of the Orcish Mines
 17928 | Orc:2    | Found a staircase to the Elven Halls.
 17928 | Orc:2    | Noticed Saint Roka
 18258 | Orc:1    | Slain by Saint Roka

Skill      XL: |  1  2  3  4  5  6  7  8  9 10 11 12 13 14 |
---------------+-------------------------------------------+-----
Staves         | 3 |  3.8
Unarmed Combat | 2 3 4 6 7 10 | 10.2
Armour         | 1 5 7 8 11 12 14 | 14.0
Fighting       | 6 8 9 12 14 15 | 15.2
Invocations    | 4 7 |  7.9
Shields        | 2 4 |  4.0
Evocations     | 3 |  3.7
Throwing       | |  1.7
Dodging        | |  2.6

Action                   |  1- 3 |  4- 6 |  7- 9 | 10-12 | 13-15 || total
-------------------------+-------+-------+-------+-------+-------++-------
Melee: Quarterstaff      |   155 |    56 |       |       |       ||   211
       Unarmed           |       |    65 |   410 |   750 |  1023 ||  2248
       Punch             |       |     3 |       |       |       ||     3
Invok: Heroism           |       |       |     2 |     6 |     6 ||    14
Evoke: Wand              |       |       |       |     8 |     5 ||    13
       Phantom mirror    |       |       |       |     1 |       ||     1
       Phial of floods   |       |       |       |       |     1 ||     1
       Sack of spiders   |       |       |       |       |     1 ||     1
  Use: Scroll            |     4 |     1 |     5 |     4 |     8 ||    22
       Potion            |     3 |     2 |     7 |     2 |     1 ||    15
 Stab: Sleeping          |     1 |     1 |       |       |       ||     2
       Paralysed         |       |       |       |     4 |       ||     4
  Eat: Chunk             |     2 |     1 |     7 |    14 |     9 ||    33
       Ration            |       |     1 |     3 |     1 |     5 ||    10
Armor: Leather armour    |    45 |    23 |     8 |       |       ||    76
       Chain mail        |       |       |    71 |       |       ||    71
       Gold dragon scale |       |       |   128 |   514 |   737 ||  1379
Dodge: Dodged            |    93 |    50 |   101 |   158 |   410 ||   812
       Deflected         |       |       |       |       |     3 ||     3
Block: Buckler           |       |       |    69 |   165 |   302 ||   536
